 Dungeon Crawl Stone Soup version 0.29-a0-317-gd16b76e6b1 (console) character file.

Game seed: 4938855174553563352

2 Ignak the Magician (level 1, 0/13 HPs)
             Began as a Gnoll Hedge Wizard on Apr 1, 2022.
             Succumbed to a kobold's poison
             ... on level 1 of the Dungeon.
             The game lasted 00:00:25 (162 turns).

Ignak the Magician (Gnoll Hedge Wizard)              Turns: 162, Time: 00:00:25

Health: 0/13       AC:  2    Str:  9    XL:     1   Next: 30%
Magic:  8/8        EV: 13    Int: 13    God:
Gold:   0          SH:  0    Dex: 11    Spells: 13/14 levels left

rFire   . . .      SeeInvis .   h - +1 whip (venom)
rCold   + . .      Faith    .   (no shield)
rNeg    . . .      Spirit   .   b - +0 robe
rPois   .          Reflect  .   c - +0 hat
rElec   .          Harm     .   (no cloak)
rCorr   .          Rampage  .   (no gloves)
Will    .....                   (no boots)
Stlth   ++........              (no amulet)
HPRegen 0.04/turn               e - ring of protection from cold
MPRegen 0.11/turn               (no ring)

@: lethally poisoned (0 -> -2)
A: fangs 1, strong nose, distributed training
a: no special abilities


You were on level 1 of the Dungeon.
You visited 1 branch of the dungeon, and saw 1 of its levels.

Inventory:

Hand Weapons
 f - a +0 scimitar
 h - a +1 whip of venom (weapon)
Armour
 b - a +0 robe (worn)
 c - a +0 hat (worn)
Jewellery
 e - a ring of protection from cold (left hand)
Scrolls
 a - a scroll of vulnerability {unknown}
 g - a scroll of amnesia {unknown}
Potions
 d - a potion of magic


   Skills:
 + Level 0.0 Fighting
 + Level 0.0 Short Blades
 + Level 0.0 Long Blades
 + Level 0.0 Axes
 + Level 0.0 Maces & Flails
 + Level 0.0 Polearms
 + Level 0.0 Staves
 + Level 0.0 Slings
 + Level 0.0 Bows
 + Level 0.0 Crossbows
 + Level 0.0 Throwing
 + Level 0.0 Armour
 + Level 4.4 Dodging
 + Level 4.0 Stealth
 + Level 0.0 Shields
 + Level 0.0 Unarmed Combat
 + Level 7.0 Spellcasting
 + Level 1.9 Conjurations
 + Level 0.0 Hexes
 + Level 1.9 Summonings
 + Level 0.0 Necromancy
 + Level 1.9 Translocations
 + Level 0.0 Transmutations
 + Level 0.0 Fire Magic
 + Level 0.0 Ice Magic
 + Level 0.0 Air Magic
 + Level 0.0 Earth Magic
 + Level 0.0 Poison Magic
 + Level 0.1 Invocations
 + Level 0.0 Evocations


You had 13 spell levels left.
You knew the following spells:

 Your Spells              Type           Power      Damage    Failure   Level
a - Magic Dart            Conj           36%        1d4       7%          1

Your spell library contained the following spells:

 Spells                   Type           Power      Damage    Failure   Level
 Blink                    Tloc           18%        N/A       11%         2
 Call Imp                 Summ           9%         N/A       11%         2
 Slow                     Hex            16%        N/A       16%         1
 Conjure Flame            Conj/Fire      7%         6-21      30%         3
 Mephitic Cloud           Conj/Pois/Air  6%         N/A       34%         3


Dungeon Overview and Level Annotations

Branches:
Dungeon (1/15)

Altars:


Innate Abilities, Weirdness & Mutations

You have very sharp teeth.
Your uncanny sense of smell can sniff out nearby items.
Your experience applies equally to all skills.


Message History

You hit the quokka.
You kill the quokka!
You see here a +0 scimitar.
f - a +0 scimitar
f - a +0 scimitar (weapon)
You drop a +0 dagger.
HP restored.
You open the door.
There is an open door here.
a - a scroll labelled REVENO RATAH
There is an open door here.
You see here a +0 dagger.
You open the door.
There is an open door here.
Found a stone staircase leading down.
Found a stone staircase leading down.
There is a stone staircase leading down here.
g - a scroll labelled DAEROE AJOCH A kobold comes into view.
It is wielding a +1 whip of venom.
A kobold is nearby!
The kobold hits you with a +1 whip of venom.
You are lethally poisoned!
You hit the kobold.
You kill the kobold!
You feel very sick.
You feel sick.
Things that are here:
a +1 whip of venom; 4 stones
h - a +1 whip of venom
* * * LOW HITPOINT WARNING * * *
You feel sick.
Your +1 whip of venom begins to drip with poison!
h - a +1 whip of venom (weapon)
* * * LOW HITPOINT WARNING * * *
You feel sick.
Okay, then.
There is a lethal amount of poison in your body!
* * * LOW HITPOINT WARNING * * *
You feel sick.
You die...

#.# ##...###......
#.###.....##.#.###
#.........##.#.### #
#####............##.#
##...###.........
##### #.....##.
#....## #.#.####.#
#..@.....# ##########


There were no monsters in sight!

Vanquished Creatures
  A quokka (D:1)
  A kobold (D:1)
2 creatures vanquished.

Notes
Turn   | Place    | Note
-------+----------+-------------------------------------------
     0 | D:1      | Ignak the Gnoll Hedge Wizard began the quest for the Orb.
     0 | D:1      | Reached XP level 1. HP: 13/13 MP: 8/8
   162 | D:1      | Succumbed to a kobold's poison

Illustrated notes

Levels and vault maps discovered:
D:1:      eino_arrival_tree_alley, layout_loops_corners,
          chequers_serial_rivers_micro_d

Action                   || total
-------------------------++-------
Melee: Dagger            ||     4
       Scimitar          ||     1
Dodge: Dodged            ||     3

Table legend: (Time is in decaauts)
 A = Elapsed time spent in this place.
 B = Non-inter-level travel time spent in this place.
 C = Inter-level travel time spent in this place.
 D = Time resting spent in this place.
 E = Time spent auto-exploring this place.
 F = Levels seen in this place.
 G = Mean time per level.
                   A        B        C        D        E       F      G
               +--------+--------+--------+--------+--------+-----+--------+
         Total |    160 |    160 |      0 |      0 |    128 |   1 |  160.0 |
       Dungeon |    160 |    160 |      0 |      0 |    128 |   1 |  160.0 |
               +--------+--------+--------+--------+--------+-----+--------+

Top non-repeatable levels by time:
     D:1: 160 daAuts
